 Dungeon Crawl Stone Soup version bcrawl-1.21.2-1-g32d02e0829 (webtiles) character file.

Game seed: 8719173787082738313

25 Mrkan the Cudgeler (level 2, 0/23 HPs)
             Began as a Demonspawn Gladiator on Feb 21, 2020.
             Slain by a goblin (5 damage)
             ... led by Robin
             ... on level 2 of the Dungeon.
             The game lasted 00:01:39 (1428 turns).

Mrkan the Cudgeler (Demonspawn Gladiator)           Turns: 1428, Time: 00:01:40

Health: 0/23       AC:  6    Str: 14    XL:     2   Next: 82%
Magic:  2/2        EV:  8    Int:  9    God:
Gold:   47         SH: 10    Dex: 14    Spells: 1/1 levels left

rFire    . . .     SeeInvis .   a - +0 flail
rCold    . . .     Gourm    .   n - +0 large shield
rNeg     . . .     Faith    .   b - +0 leather armour
rPois    .         Spirit   .   c - +0 helmet
rElec    .         Reflect  .   (no cloak)
rCorr    .         Harm     .   (no gloves)
MR       .....                  (no boots)
Stlth    +.........             (no amulet)
HPRegen  0.07/turn              (no ring)
MPRegen  0.08/turn              (no ring)

@: no status effects
A: slimy green scales 1
a: no special abilities


You were on level 2 of the Dungeon.
You were not hungry.

You visited 1 branch of the dungeon, and saw 2 of its levels.

You collected 47 gold pieces.

Inventory:

Hand Weapons
 a - a +0 flail (weapon)
Missiles
 d - 3 throwing nets (quivered) {!f}
Armour
 b - a +0 leather armour (worn)
 c - a +0 helmet (worn)
 n - a +0 large shield (worn)
Scrolls
 g - a scroll of remove curse {unknown}
 i - 3 scrolls of teleportation {unknown}
 j - a scroll of identify {unknown}
 k - a scroll of enchant armour {unknown}
Potions
 f - a potion of curing {unknown}
 h - a potion of cancellation {unknown}
 l - a potion of might {unknown}
 m - 2 potions of flight {unknown}
Comestibles
 e - 7 rations {!d}


   Skills:
 + Level 2.3 Fighting
 * Level 3.2 Maces & Flails
 - Level 1.7 Throwing
 + Level 3.0 Dodging


You had one spell level left.
You didn't know any spells.
Your spell library was empty.

Dungeon Overview and Level Annotations

Branches:
Dungeon (2/12)

Altars:

Annotations:
D:2 Robin


Innate Abilities, Weirdness & Mutations

You are partially covered in slimy green scales. (AC +2)


Message History

The goblin hits you. The goblin hits you but does no damage.
You completely miss the goblin. You block the goblin's attack. x2
The goblin hits you. The goblin hits you but does no damage.
The goblin barely misses you. x2
You closely miss the goblin. You block the goblin's attack.
The goblin hits you. The goblin hits you with a +0 club.
You barely miss the goblin. The goblin barely misses you. x2
You block the goblin's attack.
You barely miss the goblin. The goblin hits you but does no damage.
You block the goblin's attack. The goblin barely misses you.
You block the goblin's attack. The goblin barely misses you.
You closely miss the goblin.
The hobgoblin no longer looks unusually strong.
You block the goblin's attack. The goblin barely misses you.
The goblin hits you but does no damage. You block the goblin's attack.
Your shield prevents you from hitting the goblin.
The goblin hits you.
* * * LOW HITPOINT WARNING * * *
The goblin hits you.
You die... #.## ...# #.g# #gg# #ggg

#.#####gg# #.#...g#g#
##.#.# #g@# ##....#
##g# ##.....## #.#
##.......###.#####.
##........).........⌠
.....(....###.#####..
####.....## #.#
.........# #.#
.#####.#.# #.#


You could see Robin, 3 hobgoblins and 8 goblins.

Vanquished Creatures
  2 dart slugs (D:1)
  A leopard gecko (D:1)
  A bat (D:1)
  A giant cockroach (D:1)
  5 hobgoblins (D:1)
  2 kobolds (D:1)
  A ball python (D:1)
  A goblin (D:2)
  5 rats
19 creatures vanquished.

Notes
Turn   | Place    | Note
-------+----------+-------------------------------------------
     0 | D:1      | Mrkan the Demonspawn Gladiator began the quest for the Orb.
     0 | D:1      | Reached XP level 1. HP: 16/16 MP: 1/1
   545 | D:1      | Gained mutation: You are partially covered in slimy green
                  | scales. (AC +2) [demonic ancestry]
   545 | D:1      | Reached XP level 2. HP: 22/22 MP: 2/2
  1417 | D:2      | Noticed Robin
  1428 | D:2      | Slain by a goblin

Skill      XL: |  1  2 |
---------------+-------+-----
Maces & Flails | 3 |  3.2
Dodging        | 3 |  3.0
Fighting       | |  2.3
Throwing       | |  1.7

Action                   || total
-------------------------++-------
Melee: Flail             ||    72
  Eat: Chunk             ||     2
Armor: Leather armour    ||    25
Dodge: Dodged            ||    44
Block: Large shield      ||    22
